 Dungeon Crawl Stone Soup version 0.31.0-32-g396128a36d (console) character file.

Game seed: 9829016400374108300

1443778 edwinsage the Imperceptible (level 25, 114/114 (126) HPs)
             Began as a Spriggan Artificer on Mar 27, 2024.
             Was an Initiate of Gozag.
             Escaped with the Orb
             ... and 3 runes on Mar 30, 2024!
             The game lasted 11:14:12 (91307 turns).

edwinsage the Imperceptible (Spriggan Artificer)   Turns: 91307, Time: 11:14:13

HP:   114/114 (126) AC: 21    Str: 12    XL:     25   Next: 54%
MP:   47/47         EV: 58    Int: 22    God:    Gozag
Gold: 890           SH: 13    Dex: 35    Spells: 6/62 levels left

rFire   . . .        a - +4 dagger {drain, rElec Str+4 Int+6}
rCold   . . .        k - +3 warlock's mirror {omnireflect}
rNeg    . . .        z - +5 steam dragon scales
rPois   .            p - +2 hat
rElec   +            f - +4 dragonskin cloak
rCorr   .            (gloves unavailable)
SInv    +            (boots unavailable)
Will    +++++        h - amulet of regeneration
Stlth   ++++         i - ring of Reimbursement {Will+ AC+4 Dex+5 Stlth+}
HPRegen 1.19/turn    L - ring "Jegogh" {EV+5 Int+3 Dex+3}
MPRegen 0.30/turn

%: reflection
@: attractive, studying Evocations, drained, very quick
A: very small, no large weapons, unfitting armour, see invisible, speed 3
0: Orb of Zot
}: 3/15 runes: serpentine, barnacled, silver
a: Renounce Religion, Potion Petition, Call Merchant, Bribe Branch


You escaped.
You worshipped Gozag.
Gozag was pleased with you.
You visited 10 branches of the dungeon, and saw 48 of its levels.
You visited the Abyss 1 time.
You also visited: Gauntlet and Wizlab.

You collected 27639 gold pieces.
You spent 11408 gold pieces at shops.
You paid 15341 gold pieces to Gozag.

Inventory:

Hand Weapons
 a - the +4 dagger "Qoucw" (weapon) {drain, rElec Str+4 Int+6}
   (You found it in a Gauntlet)

   Str+4:     It affects your strength (+4).
   Int+6:     It affects your intelligence (+6).
   rElec:     It insulates you from electricity.
 b - a +3 heavy sling
 c - a +2 antimagic quick blade
 e - the +3 rapier "Muluafo" {antimagic, rPois Int+2 SInv}
   (You bought it in a shop on level 7 of the Dungeon)

   Int+2:     It affects your intelligence (+2).
   rPois:     It protects you from poison SInv: It lets you see invisible.
 s - a +5 heavy hand cannon
 w - a +9 rapier of electrocution
Missiles
 l - 6 throwing nets
 u - 13 curare-tipped darts
Armour
 f - the +4 dragonskin cloak (worn)
   (You took it off Tiamat on level 1 of the Realm of Zot)

   Avatar's Aegis: It grants the wearer a chance to resist fire, cold, poison,
   electricity, acid, and negative energy.
 k - the +3 warlock's mirror (worn) {omnireflect}
   (You bought it in a shop on level 2 of the Orcish Mines)

   Omnireflect: It can block and reflect piercing ranged attacks and magical
   attacks against the wielder's willpower.
 p - a +2 hat (worn)
 z - +5 steam dragon scales (worn)
Jewellery
 h - an amulet of regeneration (around neck)
 i - the ring of Reimbursement (left hand) {Will+ AC+4 Dex+5 Stlth+}
   (You found it in a Gauntlet)

   [ring of protection]

   AC+4:      It affects your AC (+4).
   Dex+5:     It affects your dexterity (+5).
   Will+:     It increases your willpower.
   Stlth+:    It makes you more stealthy.
 L - the ring "Jegogh" (right hand) {EV+5 Int+3 Dex+3}
   (You took it off a deep elf sorcerer on level 3 of the Elven Halls)

   [ring of evasion]

   EV+5:      It affects your evasion (+5).
   Int+3:     It affects your intelligence (+3).
   Dex+3:     It affects your dexterity (+3).
 Z - the ring "Suwan" {rF++ Dex+6}
   (You took it off a deep elf demonologist on level 3 of the Elven Halls)

   [ring of dexterity]

   Dex+6:     It affects your dexterity (+6).
   rF++:      It greatly protects you from fire.
Wands
 d - a wand of charming (5)
 y - a wand of paralysis (55)
 C - a wand of digging (26)
 G - a wand of polymorph (17)
 H - a wand of mindburst (12)
 I - a wand of iceblast (30)
 W - a wand of light (48)
Scrolls
 o - 9 scrolls of blinking
 q - 2 scrolls of summoning
 r - a scroll of enchant armour
 v - 3 scrolls of silence
 K - a scroll of torment
 O - 9 scrolls of vulnerability
 P - 19 scrolls of teleportation
 Q - 10 scrolls of fear
 R - 7 scrolls of fog
 U - 7 scrolls of poison
 V - 6 scrolls of immolation
 X - a scroll of revelation
Potions
 j - a potion of ambrosia
 m - 22 potions of curing
 t - 2 potions of invisibility
 A - 5 potions of haste
 B - 6 potions of heal wounds
 D - 14 potions of might
 F - a potion of attraction
 J - 6 potions of cancellation
 M - 3 potions of berserk rage
 N - a potion of magic
 S - 10 potions of enlightenment
 T - 4 potions of brilliance
 Y - 7 potions of resistance
Miscellaneous
 g - a phial of floods
 n - a lightning rod (4/4)
 x - a box of beasts
 E - a tin of tremorstones (2/2)


   Skills:
 - Level 11.0 Fighting
 - Level 16.4 Short Blades
 + Level 17.4 Ranged Weapons
 - Level 2.0 Throwing
 - Level 21.9 Dodging
 - Level 23.7 Stealth
 - Level 13.1 Shields
 - Level 19.2 Spellcasting
 - Level 6.0 Conjurations
 - Level 22.0 Hexes
 - Level 1.0 Summonings
 - Level 4.0 Necromancy
 - Level 12.0 Translocations
 - Level 1.0 Ice Magic
 - Level 12.6 Earth Magic
 - Level 8.3 Alchemy
 - Level 23.0 Evocations


You had 6 spell levels left.
You knew the following spells:

 Your Spells              Type           Power      Damage    Failure   Level
a - Tukima's Dance        Hex            87%        N/A       0%          3
c - Ensorcelled Hibernat  Hex/Ice        100%       N/A       1%          2
d - Iskenderun's Mystic   Conj/Tloc      57%        2d12      1%          4
e - Enfeeble              Hex            43%        N/A       1%          7
l - Borgnjor's Vile Clut  Necr/Erth      27%        N/A       2%          5
o - Apportation           Tloc           100%       N/A       1%          1
p - Passwall              Erth           67%        N/A       1%          3
q - Blink                 Tloc           100%       N/A       1%          2
r - Lee's Rapid Deconstr  Erth           33%        3d17*     1%          5
w - Irradiate             Conj/Alch      25%        3d20      4%          5
y - Summon Mana Viper     Hex/Summ       64%        N/A       1%          5
z - Sublimation of Blood  Necr           38%        N/A       1%          2
F - Cause Fear            Hex            43%        N/A       0%          4
H - Discord               Hex            43%        N/A       2%          8

Your spell library contained the following spells:

 Spells                   Type           Power      Damage    Failure   Level
 Sandblast                Erth           100%       2d20      0%          1
 Slow                     Hex            100%       N/A       0%          1
 Jinxbite                 Hex            100%       N/A       0%          2
 Confusing Touch          Hex            87%        N/A       0%          3
 Sigil of Binding         Hex            87%        N/A       0%          3
 Foxfire                  Conj/Fire      100%       2x1d9     1%          1
 Kiss of Death            Conj/Necr      100%       2d13      1%          1
 Magic Dart               Conj           100%       1d8       1%          1
 Necrotise                Necr           100%       1d9       1%          1
 Summon Small Mammal      Summ           100%       N/A       1%          1
 Lesser Beckoning         Tloc           100%       N/A       1%          2
 Fugue of the Fallen      Necr           38%        N/A       1%          3
 Gell's Gravitas          Tloc           65%        N/A       1%          3
 Inner Flame              Hex/Fire       62%        N/A       1%          3
 Mephitic Cloud           Conj/Alch/Air  42%        N/A       1%          3
 Stone Arrow              Conj/Erth      100%       3d13      1%          3
 Teleport Other           Tloc           65%        N/A       1%          3
 Vampiric Draining        Necr           38%        2d8       1%          3
 Anguish                  Hex/Necr       34%        N/A       1%          4
 Animate Armour           Summ/Erth      100%       N/A       1%          4
 Brom's Barrelling Bould  Conj/Erth      58%        2d7       1%          4
 Dimensional Bullseye     Hex/Tloc       38%        N/A       1%          4
 Leda's Liquefaction      Alch/Erth      30%        N/A       1%          4
 Manifold Assault         Tloc           65%        N/A       1%          4
 Petrify                  Alch/Erth      61%        N/A       1%          4
 Silence                  Hex/Air        31%        N/A       1%          5
 Call Imp                 Summ           50%        N/A       2%          2
 Vhi's Electric Charge    Tloc/Air       94%        N/A       2%          4
 Alistair's Intoxication  Alch           36%        N/A       2%          5
 Dispersal                Tloc           32%        N/A       3%          6
 Ignite Poison            Fire/Alch      39%        N/A       4%          4
 Sticky Flame             Fire/Alch      39%        2d8       4%          4
 Call Canine Familiar     Summ           25%        N/A       5%          3
 Ozocubu's Armour         Ice            25%        N/A       5%          3
 Dispel Undead            Necr           38%        3d16      5%          4
 Summon Forest            Summ/Tloc      25%        N/A       5%          5
 Iskenderun's Battlesphe  Conj           47%        2d10      7%          5
 Flame Wave               Conj/Fire      34%        2d10      9%          4
 Martyr's Knell           Necr/Summ      32%        N/A       10%         4
 Bombard                  Conj/Erth      29%        9d5       10%         6
 Eringya's Noxious Bog    Alch           27%        4d6       14%         6
 Curse of Agony           Necr           38%        N/A       16%         5
 Summon Blazeheart Golem  Fire/Summ      23%        N/A       22%         4
 Arcjolt                  Conj/Air       17%        1d27      22%         5
 Fireball                 Conj/Fire      17%        3d9       22%         5
 Sculpt Simulacrum        Ice/Alch       20%        N/A       54%         6
 Death Channel            Necr           19%        N/A       63%         6
 Conjure Ball Lightning   Conj/Air       17%        3x3d6     77%         6
 Starburst                Conj/Fire      17%        6d6       77%         6
 Summon Cactus Giant      Summ           12%        N/A       95%         6
 Plasma Beam              Fire/Air       10%        2x1d21    99%         6
 Disjunction              Tloc           32%        N/A       78%         8
 Orb of Destruction       Conj           23%        9d8       90%         7
 Lehudib's Crystal Spear  Conj/Erth      29%        10d8      99%         8
 Ozocubu's Refrigeration  Ice            12%        4d10      100%        7
 Summon Hydra             Summ           12%        N/A       100%        7
 Maxwell's Capacitive Co  Air            10%        ∞         100%        8
 Polar Vortex             Ice            12%        12d1*     100%        9
 Animate Dead             Necr           Unusable   N/A       N/A         4

Dungeon Overview and Level Annotations

Branches:
Dungeon (15/15)            Temple (1/1) D:4            Lair (5/5) D:8
 Shoals (4/4) Lair:3        Snake (4/4) Lair:3        Slime (0/5) Lair:4
    Orc (2/2) D:12            Elf (3/3) Orc:2        Vaults (5/5) D:14
  Crypt (0/3) Vaults:3     Depths (4/4) D:15            Zot (5/5) Depths:4
 WizLab (visited)         Gauntlet (visited)

Altars:
Ashenzari
Cheibriados
Dithmenos
Elyvilon
Fedhas
Gozag
Hepliaklqana
Kikubaaqudgha
Makhleb
Nemelex Xobeh
Okawaru
Qazlal
Ru
Sif Muna
Trog
Uskayaw
Vehumet
Wu Jian
Xom
Yredelemnul
Zin
The Shining One
Jiyva

Shops:
D:7 (   D:8 [::[=[::   D:9 !   D:11 =   Orc:2 :?[=[   Elf:1 (:[   Elf:2 =
Elf:3 !   Shoals:2 *   Snake:2 **   Depths:1 :   Depths:4 **

Portals:
Hell: Depths:1 Depths:2 Depths:3 Depths:4
Abyss: Depths:2 Depths:3
Pandemonium: Depths:2
Ziggurat: Depths:3

Annotations:
Lair:4 4 runed translucent doors, Reuwoll's ghost, journeyman TeAE
Elf:2 3 runed translucent doors
Vaults:1 36 runed translucent doors
Vaults:2 exclusions: crystal guardian and peacekeeper
Depths:1 3 runed translucent doors, Dameikh's ghost, veteran FoFi; Daosas's ghost, adept DgCj; Himmaryad's ghost, adept TrMo
Depths:2 2 transporters, Viocziel's ghost, adept TrMo
Depths:3 1 exclusion
Zot:5 3 runed translucent doors, tymior's ghost, legendary BaWr


Innate Abilities, Weirdness & Mutations

You are very small and have problems with some larger weapons.
You are too small for most types of armour.
You have supernaturally acute eyesight. (SInv)
You cover ground extremely quickly. (Speed+++)


Message History

(M) Slime Pits (O) Orcish Mines (E) Elven Halls (V) Vaults (C) Crypt (U) Depths (H) Hell (Z) Zot
Where to? (Tab/Enter - D:1 @ (x,y), ? - help)
There is a stone staircase leading up here.
You climb upwards.
There is a stone staircase leading down here.
There is a stone staircase leading up here.
You climb upwards.
There is a stone staircase leading down here.
You see here a +0 trident.
Items here: ( ))) [[.
There is a stone staircase leading up here.
You climb upwards.
There is a stone staircase leading down here.
Things that are here:
a +0 ring mail; 3 boomerangs; a +0 hand axe
There is a stone staircase leading down here.
There is a stone staircase leading up here.
You climb upwards.
There is a stone staircase leading down here.
An Orb Guardian comes into view.
There is an open door here.
The Orb Guardian attacks as it pursues you!
You block the Orb Guardian's attack.
The Orb Guardian attacks as it pursues you!
The Orb Guardian completely misses you.
A bat comes into view.
You block the bat's attack.
There is a stone staircase leading up here.
You block the bat's attack.
You climb upwards.
There is a stone staircase leading down here.
(D) Dungeon (T) Temple (L) Lair (A) Shoals (P) Snake Pit (M) Slime Pits (O) Orcish Mines (E) Elven Halls (V) Vaults (C) Crypt (U) Depths (H) Hell (Z) Zot
Where to? (Tab/Enter - D:1 @ (x,y), ? - help)
There is a staircase leading out of the dungeon here.
Really quaff the potion of attraction?
You feel attractive to monsters.
You have escaped!

#.# #.#########. #.# #.## #.
### ##########..# #÷
#.###.......###.# #.
#########.......⌠.......# #.
..........##..⌠...⌠..#### #.
#############.......## #.
##..⌠..## ##### #. ##...##
#...###. ####...####
###.....
#######....@....#######.####
#.....................#.####
#..⌠....⌠.....⌠....⌠..#.....
#.....⌠....#....⌠.....#.####
##..⌠....#####....⌠..##.#
##....### ###....###.#
##>### ###>####.# #### ###
####.##.# ###.# #.#
#.......# #...# #.#
#.##..### ##.#.# #.# #.##..#


There were no monsters in sight!

Vanquished Creatures
  Tiamat (Zot:1)
  An ancient lich (Zot:3)
  Frederick (Depths:4)
  An orb of fire (Zot:1)
  Mara (Shoals:3)
  2 juggernauts
  A Head Instructor (WizLab)
  Vashnia (Snake:4)
  Bai Suzhen (Depths:1)
  A caustic shrike (Depths:2)
  Nikola (Snake:1)
  A bone dragon (Abyss:1)
  7 golden dragons
  An electric golem (Zot:1)
  14 tentacled monstrosities
  2 walking crystal tomes
  2 hellephants (Depths:2)
  3 titans
  5 liches
  7 Orb Guardians (Zot:5)
  2 deep elf blademasters (Elf:3)
  4 sphinxes
  11 quicksilver dragons
  A walking frostbound tome (Depths:2)
  A deep elf master archer (Elf:3)
  5 tentacled starspawn (Abyss:1)
  A kraken (Shoals:1)
  8 death cobs
  9 tengu reavers
  Ilsuiw (Shoals:2)
  16 storm dragons
  7 shadow dragons
  Roxanne (D:15)
  Aizul (Snake:1)
  Donald (Vaults:1)
  6 draconian monks
  4 nagarajas (Snake:4)
  5 draconian knights
  11 fire giants
  A daeva (D:9)
  A ghost moth (Zot:4)
  10 frost giants
  7 deep elf sorcerers
  A protean progenitor (Zot:2)
  4 draconian shifters
  4 deep elf elementalists (Elf:3)
  Louise (D:13)
  13 vault wardens
  A balrug (Depths:2)
  2 spriggan defenders
  An orc warlord (Vaults:4)
  A draconian annihilator (Zot:4)
  5 draconian stormcallers
  2 formless jellyfish
  20 very ugly things
  6 ironbound thunderhulks
  3 vampire knights
  14 stone giants
  4 green draconians
  19 ironbound preservers
  7 deep elf demonologists
  7 black draconians
  6 deep elf death magi
  5 yellow draconians
  11 deep elf annihilators
  4 spark wasps
  8 dire elephants
  A minotaur (Gauntlet)
  3 war gargoyles
  6 red draconians
  7 white draconians
  4 purple draconians
  10 ettins
  4 merfolk javelineers (Shoals:4)
  Josephine (D:12)
  5 merfolk impalers
  2 jiangshi (Depths:2)
  8 fire dragons
  6 great orbs of eyes
  An entropy weaver (Vaults:3)
  A rakshasa (Depths:1)
  7 deep elf high priests
  10 yaktaur captains
  A peacekeeper (Vaults:4)
  2 salamander tyrants
  2 ice dragons
  7 merfolk avatars
  6 hydras
  29 vault guards
  An ogre mage (Vaults:5)
  7 spriggan air magi
  2 catoblepae (Lair:5)
  13 centaur warriors
  3 alligator snapping turtles
  18 anacondas
  5 merfolk aquamancers
  6 ironbound frosthearts
  3 boulder beetles
  3 two-headed ogres
  14 naga warriors
  18 dancing weapons
  9 deep troll shamans
  3 satyrs
  7 hell hogs
  9 deep troll earth magi
  3 vampire magi
  2 thrashing horrors (Abyss:1)
  5 orc high priests (Orc:2)
  7 tengu warriors
  2 occultists
  16 naga sharpshooters
  2 hell knights
  The ghost of tdove the Covert, a novice OpFi (D:10)
  7 shock serpents
  5 spriggans
  Nergalle (Lair:3)
  2 wretched stars (Abyss:1)
  2 sun demons
  A soul eater (Zot:3)
  2 spriggan berserkers
  5 iron trolls
  6 deep elf knights
  A skyshark (shapeshifter) (Vaults:5)
  3 salamander mystics
  3 skysharks
  4 skeletal warriors (D:15)
  11 sea snakes
  11 arcanists
  13 mana vipers
  34 deep trolls
  4 glowing orange brains
  6 naga ritualists
  25 ironbound convokers
  11 lindwurms
  36 harpies
  5 phantasmal warriors
  Pikel (D:5)
  17 deep elf pyromancers
  16 deep elf archers
  9 orc knights
  19 deep elf zephyrmancers
  7 necromancers
  3 orc sorcerers
  45 ugly things
  A faun (shapeshifter) (Depths:2)
  13 salamanders
  3 cyclopes
  11 manticores
  15 fauns
  11 moths of wrath
  10 merfolk sirens
  6 meliai
  A kobold blastminer (Orc:1)
  6 guardian serpents
  A meliai (shapeshifter) (D:13)
  A stone giant skeleton (Abyss:1)
  An ice statue (D:12)
  12 elephants
  22 vault sentinels
  A gargoyle (D:14)
  6 water nymphs
  2 molten gargoyles (Lair:5)
  36 black mambas
  2 unseen horrors
  16 naga magi
  A smoke demon (Depths:2)
  4 large abominations (Abyss:1)
  A rime drake (Lair:4)
  10 komodo dragons
  14 cane toads
  13 yaktaurs
  2 kobold demonologists
  Maggie (D:6)
  A tormentor (Depths:2)
  2 freezing wraiths
  An efreet (D:15)
  An ancient zyme (Abyss:1)
  9 trolls
  30 merfolk
  A polar bear (Lair:4)
  Prince Ribbit (D:5)
  8 hornets
  8 wind drakes
  A raiju (Abyss:1)
  A blink frog (shapeshifter) (Elf:2)
  6 dream sheep
  4 glass eyes
  19 blink frogs
  11 snapping turtles
  2 shadows (Gauntlet)
  7 wyverns
  2 air elementals
  26 slime creatures
  A fire bat (Abyss:1)
  16 water elementals
  9 wraiths
  64 yaks
  3 wargs
  A vampire (Abyss:1)
  Eustachio (D:6)
  A neqoxec (Abyss:1)
  4 fire elementals
  2 vampire mosquitoes (D:11)
  7 basilisks
  3 steam dragons
  Menkaure (D:4)
  A chaos spawn (Abyss:1)
  A naga (shapeshifter) (D:15)
  A swamp worm (shapeshifter) (Vaults:5)
  38 nagas
  3 acid dragons
  4 hell hounds (Lair:5)
  Duvessa (D:7)
  15 water moccasins
  5 laughing skulls (Abyss:1)
  43 orc warriors
  2 sky beasts (D:6)
  A black bear (D:7)
  An ice beast (D:8)
  6 ogres
  8 wolves
  A centaur (shapeshifter) (Abyss:1)
  10 centaurs
  5 kobold brigands
  11 bullfrogs
  6 small abominations (Abyss:1)
  7 scorpions
  6 earth elementals
  3 gnoll sergeants
  5 wights
  6 killer bees
  4 howler monkeys
  3 electric eels
  5 lava snakes (Lair:5)
  A quasit (Abyss:1)
  3 hounds (D:5)
  A bombardier beetle (D:6)
  2 gnoll boudas (D:6)
  Crazy Yiuf (D:6)
  28 orc priests
  A jelly (D:5)
  A sleepcap (D:4)
  5 iguanas
  26 orc wizards
  3 hell rats (Lair:2)
  22 gnolls
  8 adders
  A river rat (D:7)
  2 white imps
  7 ufetubi
  3 dart slugs
  7 ribbon worms
  103 orcs
  13 bats
  6 endoplasms
  3 giant cockroaches
  10 goblins
  4 hobgoblins
  7 jackals
  3 quokkas
  5 ball pythons
  2 frilled lizards
  18 kobolds
  8 rats
1897 creatures vanquished.

Vanquished Creatures (collateral kills)
  2 ancient liches
  2 juggernauts (Depths:4)
  Xtahua (Vaults:2)
  A Killer Klown (Zot:5)
  The ghost of Cuddoas the Sorcerer, a veteran DEFE of Vehumet (Depths:4)
  A caustic shrike (Depths:4)
  3 golden dragons (Depths:4)
  A bone dragon (Depths:4)
  2 electric golems
  5 tentacled monstrosities
  3 liches
  A walking earthen tome (Depths:4)
  5 Orb Guardians (Zot:5)
  A death cob (Zot:2)
  A pandemonium lord (Zot:4)
  A tengu reaver (Depths:4)
  A draconian monk (Depths:4)
  4 draconian shifters
  2 draconian scorchers
  A vault warden (Vaults:2)
  An iron dragon (Depths:4)
  A demonspawn blood saint (Zot:3)
  A draconian stormcaller (Depths:4)
  3 draconian annihilators
  8 green draconians
  A stone giant (Depths:2)
  3 purple draconians
  7 black draconians
  3 yellow draconians
  6 white draconians
  A spark wasp (Depths:4)
  2 red draconians
  An ettin (Depths:4)
  A merfolk impaler (Shoals:3)
  A deep elf high priest (Vaults:5)
  2 fire dragons (Depths:4)
  A yaktaur captain (Vaults:5)
  An ice dragon (Depths:4)
  A tengu warrior (Depths:4)
  A vampire mage (Depths:2)
  A spriggan berserker (Depths:4)
  4 naga warriors
  A satyr (Shoals:2)
  Urug (D:11)
  3 naga sharpshooters
  2 spriggans (Depths:4)
  A hell knight (Depths:4)
  A salamander mystic (Snake:3)
  An obsidian statue (Depths:4)
  A salamander (Snake:4)
  4 fauns (Shoals:2)
  2 moths of wrath
  2 black mambas
  A smoke demon (Zot:4)
  2 naga magi (Snake:3)
  A merfolk siren (Shoals:1)
  6 yaktaurs
  2 hornets (Depths:4)
  6 nagas
  An ogre (Orc:1)
  An orc (Orc:1)
  A kobold (D:2)
  A ball python (D:2)
131 creatures vanquished.

Vanquished Creatures (others)
  A dread lich (Zot:5)
  2 orbs of fire (Zot:5)
  A Killer Klown (Zot:5)
  7 Orb Guardians (Zot:5)
  2 draconian monks
  A daeva (Zot:5)
  3 storm dragons
  2 draconian scorchers (Zot:1)
  2 draconian annihilators
  3 green draconians
  A purple draconian (Zot:1)
  2 white draconians (Zot:2)
  3 black draconians
  4 red draconians
  2 yellow draconians
  A fire dragon (Depths:4)
  An ice dragon (Depths:4)
  A vault sentinel (Vaults:5)
  A black mamba (Lair:3)
  A steam dragon (D:6)
  A yak (Lair:5)
  2 nagas (Snake:3)
  26 dancing weapons
  A meliai simulacrum (Gauntlet)
  A hornet simulacrum (Gauntlet)
  An iguana (D:4)
  2 orc wizards
  A hell rat (Lair:3)
  An ufetubus (D:6)
  15 starspawn tentacles (Abyss:1)
  76 tentacles (Shoals:1)
168 creatures vanquished.

Grand Total: 2196 creatures vanquished

Notes
Turn   | Place    | Note
-------+----------+-------------------------------------------
     0 | D:1      | edwinsage the Spriggan Artificer began the quest for the
                  | Orb.
     0 | D:1      | Reached XP level 1. HP: 9/9 MP: 2/2
   196 | D:1      | Reached XP level 2. HP: 10/14 MP: 3/3
   435 | D:1      | Reached skill level 1 in Short Blades
   803 | D:1      | Reached XP level 3. HP: 14/17 MP: 4/4
  1167 | D:2      | Found a faded altar of an unknown god.
  1766 | D:2      | Reached XP level 4. HP: 21/21 MP: 5/5
  2574 | D:3      | Found a hide-covered altar of Uskayaw.
  2574 | D:3      | Noticed a +0 falchion
  2574 | D:3      | Noticed a +0 short sword
  2574 | D:3      | Noticed a +0 dagger
  2574 | D:3      | Noticed a +0 falchion
  2575 | D:3      | Noticed a +0 spear
  2577 | D:3      | Noticed a +0 spear
  2578 | D:3      | Noticed a +0 dagger
  2578 | D:3      | Noticed a +0 short sword
  3406 | D:3      | Reached skill level 1 in Ranged Weapons
  3802 | D:4      | Found a staircase to the Ecumenical Temple.
  3809 | D:4      | Noticed Menkaure
  3811 | Temple   | Entered the Ecumenical Temple
  3832 | Temple   | Became a worshipper of Gozag Ym Sagoz the Greedy
  3854 | D:4      | Noticed a scorpion
  3878 | D:4      | Killed Menkaure
  3879 | D:4      | Reached XP level 5. HP: 15/25 MP: 6/6
  3927 | D:4      | Reached skill level 1 in Shields
  3927 | D:4      | Reached XP level 6. HP: 28/29 MP: 7/7
  4294 | D:4      | Reached skill level 1 in Fighting
  5080 | D:4      | Reached skill level 5 in Ranged Weapons
  5365 | D:4      | Reached XP level 7. HP: 22/33 MP: 8/8
  5519 | D:5      | Entered Level 5 of the Dungeon
  5899 | D:5      | Identified the +2 leather armour of Qimaz {rF- Regen+ Str+5
                  | SInv}
  6118 | D:5      | Noticed Pikel
  6151 | D:5      | Killed Pikel
  6152 | D:5      | Reached XP level 8. HP: 37/37 MP: 9/9
  6550 | D:6      | Found a sparkling altar of Nemelex Xobeh.
  6555 | D:6      | Noticed Prince Ribbit
  6841 | D:5      | Killed Prince Ribbit
  6842 | D:5      | Reached skill level 5 in Short Blades
  6952 | D:6      | Noticed Maggie
  7012 | D:6      | Killed Maggie
  7013 | D:6      | Reached skill level 5 in Dodging
  7128 | D:6      | Reached XP level 9. HP: 42/42 MP: 10/10
  7182 | D:6      | Identified the +0 dagger "Jelly's Doom" {protect, Int+8
                  | Dex-3 SInv}
  7470 | D:6      | Noticed Eustachio
  7475 | D:6      | Killed Eustachio
  7476 | D:6      | Reached skill level 5 in Evocations
  8408 | D:6      | Found a runed translucent door.
  8409 | D:6      | Noticed Crazy Yiuf
  8477 | D:6      | Killed Crazy Yiuf
  9750 | D:7      | Found Rifof's Antique Weapon Shop.
  9758 | D:7      | Bought a jewelled rapier for 207 gold pieces
  9758 | D:7      | Identified the +3 rapier "Muluafo" {antimagic, rPois Int+2
                  | SInv} (You bought it in a shop on level 7 of the Dungeon)
 10004 | D:7      | Noticed Dowan
 10009 | D:7      | Noticed Duvessa
 10010 | D:7      | Dowan changed into Dowan the rat
 10010 | D:7      | Noticed Dowan
 10048 | D:7      | Killed Duvessa
 10050 | D:7      | Killed Dowan the rat
 10282 | D:8      | Noticed a two-headed ogre
 10411 | D:7      | Killed a two-headed ogre
 10412 | D:7      | Reached XP level 10. HP: 49/49 MP: 11/11
 11480 | D:7      | Reached skill level 10 in Stealth
 12286 | D:8      | Found a staircase to the Lair.
 12344 | D:8      | Found a bloodstained altar of Trog.
 13286 | D:9      | Found an ornate altar of the Wu Jian Council.
 13296 | D:9      | Found an ancient bone altar of Kikubaaqudgha.
 13296 | D:9      | Found a shimmering altar of Xom.
 13299 | D:9      | Found a shimmering blue altar of Sif Muna.
 13299 | D:9      | Found a white marble altar of Elyvilon.
 13301 | D:9      | Found a basalt altar of Yredelemnul.
 13301 | D:9      | Found an iron altar of Okawaru.
 13461 | D:9      | Found Dahuupnow's Distillery.
 14625 | D:10     | Entered Level 10 of the Dungeon
 14699 | D:10     | Found a runed translucent door.
 14702 | D:10     | Noticed tdove's ghost (novice OpFi)
 14703 | D:10     | Noticed a centaur warrior
 15066 | D:10     | Reached skill level 10 in Short Blades
 15460 | D:11     | Reached XP level 11. HP: 30/53 MP: 4/12
 15621 | D:11     | Found a stormy altar of Qazlal.
 16074 | D:11     | You fall into a shaft and drop 3 floors!
 16088 | D:14     | Noticed a tengu warrior
 16093 | D:14     | Killed a tengu warrior
 16127 | D:12     | Noticed Urug
 16127 | D:12     | Noticed a green ugly thing
 16217 | D:12     | Found a gate leading to a gauntlet.
 16217 | D:12     | Noticed a two-headed ogre
 16217 | D:12     | Noticed a red ugly thing
 16261 | Gauntlet | Entered a Gauntlet
 16261 | Gauntlet | Found a transporter.
 16261 | Gauntlet | Found a transporter.
 16261 | Gauntlet | Found a runed translucent gate.
 16263 | Gauntlet | Found a transporter.
 16264 | Gauntlet | Found a transporter.
 16264 | Gauntlet | Found a runed translucent gate.
 16264 | Gauntlet | Found a transporter.
 16265 | Gauntlet | Found a runed translucent gate.
 16267 | Gauntlet | Found a transporter.
 16276 | Gauntlet | Found a transporter.
 16277 | Gauntlet | Noticed a sixfirhy
 16278 | Gauntlet | Found a transporter.
 16278 | Gauntlet | Found a transporter.
 16278 | Gauntlet | Found a transporter.
 16288 | Gauntlet | Found a transporter.
 16288 | Gauntlet | Found a transporter.
 16311 | Gauntlet | Found a runed translucent door.
 16381 | Gauntlet | Noticed a green death
 16499 | Gauntlet | Identified the +4 dagger "Qoucw" {drain, rElec Str+4 Int+6}
 16569 | Gauntlet | Identified the ring of Reimbursement {Will+ AC+4 Dex+5
                  | Stlth+}
 16637 | Gauntlet | Noticed a minotaur
 16676 | Gauntlet | Killed a minotaur
 17470 | D:12     | Found a staircase to the Orcish Mines.
 17515 | D:12     | Noticed Josephine
 17546 | D:11     | Found Cootyf's Jewellery Shop.
 17972 | Lair:1   | Entered Level 1 of the Lair of Beasts
 18489 | Lair:1   | Reached skill level 10 in Ranged Weapons
 18838 | Lair:1   | Reached XP level 12. HP: 54/58 MP: 13/13
 18918 | Lair:2   | Noticed a seven-headed hydra
 18926 | Lair:2   | Killed a seven-headed hydra
 19173 | D:8      | Bought a +2 robe of willpower for 212 gold pieces
 19248 | Lair:1   | Reached skill level 15 in Stealth
 19470 | Lair:1   | Reached skill level 10 in Dodging
 19705 | Lair:2   | Reached skill level 5 in Fighting
 19898 | Lair:2   | Reached skill level 10 in Evocations
 19902 | Lair:2   | Learned a level 3 spell: Tukima's Dance
 20176 | Lair:2   | Reached skill level 1 in Hexes
 20542 | Lair:3   | Found a staircase to the Snake Pit.
 20591 | Lair:3   | Noticed Nergalle
 20614 | Lair:2   | Reached skill level 5 in Hexes
 20684 | Lair:3   | Killed Nergalle
 20715 | Lair:3   | Identified the ring of the Messenger {Fly rCorr EV+5 Str+3}
 21137 | Lair:3   | Reached XP level 13. HP: 63/63 MP: 14/14
 21229 | Lair:3   | Found a staircase to the Shoals.
 21785 | Lair:4   | Noticed a minotaur
 21785 | Lair:4   | Noticed Reuwoll's ghost (journeyman TeAE)
 21830 | Lair:4   | Found a runed translucent gate.
 21945 | Lair:4   | Found a runed translucent gate.
 21945 | Lair:4   | Found a runed translucent gate.
 21956 | Lair:4   | Found a runed translucent door.
 21956 | Lair:4   | Found a viscous altar of Jiyva.
 21956 | Lair:4   | Found a staircase to the Slime Pits.
 21956 | Lair:4   | Noticed an acid blob
 22200 | Lair:5   | Entered Level 5 of the Lair of Beasts
 22409 | Lair:5   | Found a large runed translucent door.
 22416 | Lair:5   | Found a large runed translucent door.
 24332 | D:8      | Bought a scarf of shadows for 192 gold pieces
 24535 | D:11     | Killed Urug
 24536 | D:11     | Reached XP level 14. HP: 68/68 MP: 10/21
 24551 | D:12     | Killed Josephine
 25538 | D:13     | Found a shimmering blue altar of Sif Muna.
 26428 | D:8      | Bought a +2 robe of resistance for 678 gold pieces
 26595 | Orc:1    | Entered Level 1 of the Orcish Mines
 27013 | Orc:2    | Entered Level 2 of the Orcish Mines
 27120 | Orc:2    | Found Oqeg's Self-Improvement Boutique.
 27963 | Orc:2    | Found a staircase to the Elven Halls.
 28969 | Orc:2    | Found Zudad's Armour Shop.
 28970 | Orc:2    | Found Toolyahi's Armour Shop.
 28973 | Orc:2    | Found Urhuxzy's Jewellery Boutique.
 28974 | Orc:2    | Found Vargherph's Magic Scroll Shop.
 28996 | Orc:2    | Bought the +3 warlock's mirror {omnireflect} for 600 gold
                  | pieces
 28996 | Orc:2    | Found the +3 warlock's mirror {omnireflect}
 29349 | Shoals:1 | Entered Level 1 of the Shoals
 29899 | Shoals:1 | Reached XP level 15. HP: 69/75 MP: 22/22
 29906 | Shoals:1 | Reached skill level 5 in Shields
 30056 | Shoals:1 | Noticed a kraken
 30372 | Shoals:1 | Killed a kraken
 31916 | Orc:2    | Bought a manual of Dodging for 960 gold pieces
 31989 | D:14     | Noticed Louise
 32096 | D:13     | Killed Louise
 32693 | D:14     | Reached skill level 15 in Dodging
 33091 | D:14     | Found a gate to the Vaults.
 33441 | Snake:1  | Entered Level 1 of the Snake Pit
 34704 | Snake:1  | Identified the serpent talisman "Suecs" {rF+ Dex+5}
 34704 | Snake:1  | Noticed Aizul
 34784 | Snake:1  | Killed Aizul
 34822 | Snake:1  | Noticed Nikola
 34953 | Snake:2  | Found Keter's Overcharged Wands.
 35012 | Snake:2  | Reached XP level 16. HP: 80/80 MP: 13/23
 35053 | Snake:2  | Found Yxze's General Store.
 35788 | Orc:2    | Bought a manual of Short Blades for 960 gold pieces
 36098 | D:10     | Killed tdove's ghost
 37155 | D:15     | Entered Level 15 of the Dungeon
 37594 | D:15     | Found a staircase to the Depths.
 38426 | D:15     | Reached skill level 10 in Hexes
 38508 | D:15     | Noticed Roxanne
 39548 | Shoals:2 | Noticed Ilsuiw
 39693 | Shoals:2 | Found Hobrodemu's Assorted Antiques.
 39700 | Shoals:2 | Bought a scroll labelled WOGOWN OTUI for 41 gold pieces
 39700 | Shoals:2 | Bought a scroll labelled VELYIN RAETZ for 41 gold pieces
 40367 | Shoals:3 | Identified a scroll of acquirement
 40367 | Shoals:3 | Acquired 1006 gold pieces
 40569 | D:8      | Bought a book of Hexes for 540 gold pieces
 40574 | D:8      | Learned a level 4 spell: Cause Fear
 40582 | D:8      | Learned a level 7 spell: Enfeeble
 41726 | Shoals:2 | Killed Ilsuiw
 41841 | Shoals:3 | Noticed Mara
 41858 | Shoals:3 | Noticed edwinsage's illusion
 41864 | Shoals:3 | Killed Mara
 42310 | Shoals:4 | Entered Level 4 of the Shoals
 42404 | Shoals:3 | Reached XP level 17. HP: 84/84 MP: 24/24
 43122 | Snake:2  | Reached skill level 5 in Spellcasting
 43901 | Snake:3  | Found a burning altar of Makhleb.
 45666 | Snake:4  | Entered Level 4 of the Snake Pit
 46362 | Snake:4  | Reached skill level 15 in Hexes
 46621 | Snake:4  | Reached skill level 1 in Throwing
 46646 | Snake:4  | Identified the scarf of Intercession {harm, Fly Will+
                  | Stlth+}
 46991 | D:7      | Bought a runed rapier for 161 gold pieces
 47086 | D:8      | Bought a book of Dreams for 360 gold pieces
 47089 | D:8      | Learned a level 2 spell: Ensorcelled Hibernation
 47453 | Snake:3  | Reached skill level 1 in Ice Magic
 49321 | Snake:4  | Reached XP level 18. HP: 90/90 MP: 28/28
 50066 | Snake:4  | Noticed Vashnia
 50202 | Snake:4  | Killed Vashnia
 50249 | Snake:4  | Got a serpentine rune of Zot
 50676 | Vaults:1 | Entered Level 1 of the Vaults
 51334 | Vaults:1 | Noticed Donald
 51415 | Vaults:1 | Killed Donald
 51699 | Vaults:1 | Found a huge runed translucent gate.
 51699 | Vaults:1 | Found a huge runed translucent gate.
 51699 | Vaults:1 | Found a huge runed translucent gate.
 51699 | Vaults:1 | Found a huge runed translucent gate.
 51699 | Vaults:1 | Found a huge runed translucent gate.
 51699 | Vaults:1 | Found a huge runed translucent gate.
 51699 | Vaults:1 | Found a huge runed translucent gate.
 51699 | Vaults:1 | Found a huge runed translucent gate.
 51700 | Vaults:1 | Found a huge runed translucent gate.
 51700 | Vaults:1 | Found a huge runed translucent gate.
 51700 | Vaults:1 | Found a huge runed translucent gate.
 51700 | Vaults:1 | Found a huge runed translucent gate.
 51700 | Vaults:1 | Found a huge runed translucent gate.
 51701 | Vaults:1 | Found a huge runed translucent gate.
 51702 | Vaults:1 | Found a huge runed translucent gate.
 51703 | Vaults:1 | Found a huge runed translucent gate.
 51704 | Vaults:1 | Found a huge runed translucent gate.
 51705 | Vaults:1 | Found a huge runed translucent gate.
 51705 | Vaults:1 | Found a huge runed translucent gate.
 52164 | Vaults:1 | Found a huge runed translucent gate.
 52164 | Vaults:1 | Found a huge runed translucent gate.
 52164 | Vaults:1 | Found a huge runed translucent gate.
 52164 | Vaults:1 | Found a huge runed translucent gate.
 52165 | Vaults:1 | Found a huge runed translucent gate.
 52166 | Vaults:1 | Found a huge runed translucent gate.
 52167 | Vaults:1 | Found a huge runed translucent gate.
 52168 | Vaults:1 | Found a huge runed translucent gate.
 52169 | Vaults:1 | Found a huge runed translucent gate.
 52170 | Vaults:1 | Found a huge runed translucent gate.
 52170 | Vaults:1 | Found a huge runed translucent gate.
 52177 | Vaults:1 | Found a huge runed translucent gate.
 52178 | Vaults:1 | Found a huge runed translucent gate.
 52179 | Vaults:1 | Found a huge runed translucent gate.
 52179 | Vaults:1 | Found a huge runed translucent gate.
 52181 | Vaults:1 | Found a huge runed translucent gate.
 52182 | Vaults:1 | Found a huge runed translucent gate.
 52461 | Orc:2    | Bought a scroll of blinking for 82 gold pieces
 52461 | Orc:2    | Bought a scroll of summoning for 104 gold pieces
 52717 | D:8      | Bought a manual of Shields for 1040 gold pieces
 53130 | Vaults:2 | Reached skill level 15 in Evocations
 53234 | Vaults:2 | Noticed Xtahua
 53290 | Vaults:2 | Killed Xtahua
 54024 | Vaults:2 | Reached skill level 10 in Shields
 54024 | Vaults:2 | Reached XP level 19. HP: 94/94 MP: 29/32
 54497 | Vaults:2 | Acquired a +2 quick blade of venom
 54864 | Vaults:3 | Found a staircase to the Crypt.
 54864 | Vaults:3 | Found a basalt altar of Yredelemnul.
 54865 | Vaults:3 | Found an ancient bone altar of Kikubaaqudgha.
 55751 | Vaults:3 | Identified the staff of Nuph {rF+ MP+9 Str+2 Fire}
 56248 | D:8      | Bought a book of Geomancy for 390 gold pieces
 56252 | D:8      | Learned a level 3 spell: Passwall
 56422 | Orc:2    | Bought a manual of Earth Magic for 960 gold pieces
 56465 | Orc:2    | Reached skill level 1 in Earth Magic
 57448 | Shoals:4 | Reached skill level 5 in Earth Magic
 57622 | Shoals:4 | Learned a level 5 spell: Lee's Rapid Deconstruction
 58011 | Shoals:4 | Learned a level 1 spell: Apportation
 58732 | Shoals:4 | Got a barnacled rune of Zot
 58985 | Shoals:4 | Reached skill level 10 in Earth Magic
 59109 | Shoals:4 | Identified the +5 war axe "Muoc" {venom, rPois}
 59260 | Snake:1  | Killed Nikola
 60453 | Elf:1    | Entered Level 1 of the Elven Halls
 60654 | Elf:1    | Found Isiefero's Weapon Emporium.
 60800 | Elf:1    | Reached XP level 20. HP: 98/98 MP: 5/33
 61413 | Elf:1    | Identified the +2 leather armour of Vagg {rPois Will- Str-2
                  | Int+8}
 61592 | Elf:1    | Found Lancelot's Dragon-Slaying Spoils.
 61660 | Elf:1    | Reached skill level 1 in Translocations
 61889 | Elf:1    | Found Gynai's Book Emporium.
 61898 | Elf:1    | Learned a level 4 spell: Iskenderun's Mystic Blast
 62141 | Elf:2    | Found Wizubafi's Jewellery Boutique.
 62333 | Elf:1    | Bought +0 steam dragon scales for 600 gold pieces
 62619 | D:8      | Bought a scarf of resistance for 576 gold pieces
 62912 | Elf:2    | Reached skill level 1 in Conjurations
 63066 | Elf:2    | Reached skill level 5 in Translocations
 63174 | Elf:2    | Found a runed translucent gate.
 63174 | Elf:2    | Found a runed translucent gate.
 63174 | Elf:2    | Found a runed translucent gate.
 63509 | Elf:3    | Entered Level 3 of the Elven Halls
 64070 | Elf:3    | Found Qylur's Distillery.
 64374 | Elf:3    | Identified the ring of Doria {rElec rF- rC+ rN+ Int+3}
 65270 | Elf:3    | Identified the +6 demon trident "Reineor" {freeze, Will+
                  | Str+2 Dex+3 Stlth+}
 65855 | Elf:3    | Identified the ring "Suwan" {rF++ Dex+6}
 65856 | Elf:3    | Identified the ring "Jegogh" {EV+5 Int+3 Dex+3}
 66607 | Elf:3    | Identified the +8 long sword of Yfuconi {venom, Str+2}
 66607 | Elf:3    | Identified the ring "Votezel" {Fly rPois Will- AC+4 Dex+2}
 66773 | Elf:3    | Found the +3 giant club "Skullcrusher" {speed, Str+7}
 66791 | Elf:3    | Got the Handbook of Coordinates and Composition
 66802 | Elf:3    | Identified the +0 orcbow "Sibete" {antimagic, Str+5 Dex-2}
 67409 | Depths:1 | Entered Level 1 of the Depths
 67409 | Depths:1 | Noticed Bai Suzhen
 67412 | Depths:1 | Killed Bai Suzhen
 67480 | Depths:1 | Found a gateway to Hell.
 67578 | Depths:1 | Found Nejiegi's Vocational Training.
 67709 | Depths:1 | Found a magical portal.
 67726 | WizLab   | Entered Yara's Duelist Academy
 68168 | WizLab   | Reached XP level 21. HP: 105/105 MP: 14/35
 68272 | WizLab   | Noticed Koatydoh
 68288 | WizLab   | Killed Koatydoh the Head Instructor
 68540 | WizLab   | Got Yara's Encyclopedia of Malediction
 68550 | WizLab   | Learned a level 8 spell: Discord
 69120 | Depths:1 | Found a runed translucent gate.
 69121 | Depths:1 | Found a runed translucent gate.
 69122 | Depths:1 | Found a runed translucent gate.
 69123 | Depths:1 | Noticed Dameikh's ghost (veteran FoFi)
 69124 | Depths:1 | Noticed Himmaryad's ghost (adept TrMo)
 69124 | Depths:1 | Noticed Daosas's ghost (adept DgCj)
 70178 | Depths:2 | Found a glowing golden altar of the Shining One.
 70179 | Depths:2 | Found a white marble altar of Elyvilon.
 70180 | Depths:2 | Found a glowing silver altar of Zin.
 70373 | Depths:1 | Reached skill level 10 in Spellcasting
 70558 | Depths:2 | Noticed a juggernaut
 70559 | Depths:2 | Found a bloodstained altar of Trog.
 70559 | Depths:2 | Noticed Viocziel's ghost (adept TrMo)
 70568 | Depths:2 | Found a transporter.
 70686 | Depths:2 | Found a one-way gate to the infinite horrors of the Abyss.
 70809 | Depths:2 | Found a one-way gate leading to the halls of Pandemonium.
 71068 | Depths:2 | Found a transporter.
 71662 | Depths:2 | Identified the +0 plate armour of Gozag's Anger {rCorr
                  | Str-5 Dex+3}
 71718 | Depths:2 | Noticed a caustic shrike
 71736 | Depths:2 | Noticed a golden dragon
 71741 | Depths:2 | Killed a caustic shrike
 71785 | Depths:2 | Noticed a juggernaut
 71909 | Depths:2 | Killed a juggernaut
 72245 | Depths:2 | Killed a golden dragon
 72526 | Depths:3 | Reached skill level 10 in Translocations
 73094 | Depths:3 | Found a one-way gateway to a ziggurat.
 73150 | Depths:3 | Reached XP level 22. HP: 109/109 MP: 12/38
 73365 | Depths:3 | Noticed a dread lich
 73543 | Depths:4 | Entered Level 4 of the Depths
 73607 | Depths:4 | Noticed a golden dragon
 73636 | Depths:4 | Killed a golden dragon
 73637 | Depths:4 | Identified the orb "Jaript" {*channel, Str+3}
 73637 | Depths:4 | Noticed Frederick
 73648 | Depths:4 | Killed Frederick
 74026 | Depths:4 | Found a runed translucent door.
 74032 | Depths:4 | Noticed a caustic shrike
 74510 | D:8      | Bought Sif Muna's Grimoire of Noxious Malisons for 364 gold
                  | pieces
 74516 | D:8      | Learned a level 5 spell: Irradiate
 74784 | D:15     | Killed Roxanne
 74785 | D:15     | Reached skill level 1 in Alchemy
 75006 | Depths:2 | Voluntarily entered the Abyss.
 75030 | Abyss:1  | Found a corrupted altar of Lugonu.
 75752 | Abyss:1  | Reached skill level 5 in Conjurations
 75859 | Depths:2 | Escaped the Abyss
 77629 | Vaults:4 | Reached skill level 15 in Short Blades
 78929 | Vaults:5 | Entered Level 5 of the Vaults
 79020 | Vaults:5 | Reached skill level 10 in Fighting
 79121 | Vaults:5 | Identified the +0 chain mail of the Ten Ships {rF+ rC++
                  | Will+ Int-4}
 79140 | Vaults:5 | Identified the +2 robe "Raokh" {rC++ rCorr}
 80147 | Vaults:5 | Identified the +6 scimitar "Peyzoicu" {freeze, Dex+3}
 80255 | Vaults:5 | Reached XP level 23. HP: 92/115 MP: 7/41
 80459 | Vaults:5 | Learned a level 5 spell: Summon Mana Viper
 80518 | Vaults:5 | Identified the +0 chain mail of Disappointment {+Blink
                  | Will+}
 80520 | Vaults:5 | Reached skill level 1 in Summonings
 80643 | Vaults:5 | Reached skill level 5 in Alchemy
 81469 | Vaults:5 | Reached skill level 15 in Spellcasting
 81600 | Vaults:5 | Identified the +7 falchion "Jepexoex" {elec, Int+2}
 82250 | D:8      | Bought a book of Blood for 420 gold pieces
 82253 | D:8      | Learned a level 2 spell: Sublimation of Blood
 82651 | Vaults:5 | Reached skill level 1 in Necromancy
 83026 | Vaults:5 | Got a silver rune of Zot
 83140 | Vaults:5 | Learned a level 2 spell: Blink
 83864 | Depths:1 | Bought a manual of Evocations for 1920 gold pieces
 84028 | Depths:4 | Found a gate to the Realm of Zot.
 84040 | Depths:4 | Found a runed translucent gate.
 84041 | Depths:4 | Found a runed translucent gate.
 84062 | Depths:4 | Found a runed translucent gate.
 84062 | Depths:4 | Found an opulent altar of Gozag.
 84063 | Depths:4 | Found Difas's Assorted Antiques.
 84063 | Depths:4 | Found Syav's Assorted Antiques.
 84063 | Depths:4 | Noticed a juggernaut
 84379 | Depths:4 | Noticed a juggernaut
 84380 | Depths:4 | Noticed Cuddoas's ghost (veteran DEFE)
 84428 | Depths:4 | Noticed a juggernaut
 84436 | Depths:4 | Killed a caustic shrike
 84444 | Depths:4 | Killed a juggernaut
 84630 | Zot:1    | Entered Level 1 of the Realm of Zot
 84718 | Depths:4 | Killed a juggernaut
 84723 | Depths:4 | Killed Cuddoas's ghost
 84909 | Depths:4 | Killed a juggernaut
 85086 | Depths:4 | Reached XP level 24. HP: 120/120 MP: 28/45
 85408 | Zot:1    | Found the +4 dragonskin cloak
 85408 | Zot:1    | Noticed Tiamat
 85521 | Zot:1    | Noticed an orb of fire
 85550 | Zot:1    | Killed an orb of fire
 85803 | Zot:1    | Killed Tiamat
 86654 | Zot:2    | Learned a level 5 spell: Borgnjor's Vile Clutch
 88017 | Zot:3    | Noticed an ancient lich
 88100 | Zot:3    | Noticed an ancient lich
 88128 | Zot:3    | Killed an ancient lich
 88134 | Zot:3    | Killed an ancient lich
 88569 | Zot:3    | Reached XP level 25. HP: 126/126 MP: 43/47
 89285 | Zot:4    | Reached skill level 15 in Ranged Weapons
 89971 | Zot:5    | Entered Level 5 of the Realm of Zot
 90047 | Zot:5    | Found a runed translucent gate.
 90047 | Zot:5    | Found a runed translucent gate.
 90047 | Zot:5    | Found a runed translucent gate.
 90056 | Zot:5    | Noticed a dread lich
 90056 | Zot:5    | Noticed tymior's ghost (legendary BaWr)
 90057 | Zot:5    | Identified the +11 dagger of Ulysch {freeze, rF- rN+ Int+3
                  | Dex+4}
 90290 | Zot:5    | Noticed an ancient lich
 90327 | Zot:5    | Noticed a dread lich
 90360 | Zot:5    | Killed an ancient lich
 90368 | Zot:5    | Killed a dread lich
 90496 | Zot:5    | Noticed a Killer Klown
 90497 | Zot:5    | Noticed an orb of fire
 90501 | Zot:5    | Noticed a Killer Klown
 90502 | Zot:5    | Noticed a Killer Klown
 90505 | Zot:5    | Noticed a Killer Klown
 90569 | Zot:5    | Got the Orb of Zot
 90569 | Zot:5    | Noticed an orb of fire
 90570 | Zot:5    | Noticed an orb of fire
 90581 | Zot:5    | Killed a Killer Klown
 90595 | Zot:5    | Killed an orb of fire
 90606 | Zot:5    | Killed a Killer Klown
 90675 | Zot:4    | Noticed Ihudgh the pandemonium lord
 90688 | Zot:4    | Killed Ihudgh the pandemonium lord
 91046 | D:11     | Noticed Onelor the pandemonium lord
 91307 | D:$      | Escaped with the Orb!

Illustrated notes

Levels and vault maps discovered:
D:1:      dpeg_arrival_leaves_temple_mockup, layout_loops_ring
D:2:      minmay_evil_eye, layout_basic, chequers_ecumenical_altar_twisty
D:3:      layout_basic, nicolae_uskayaw_en_pointe, hex_intersection
D:4:      minmay_chambers_of_twos, layout_basic, minmay_temple_entry_steel_oval,
          uniq_menkaure
D:5:      layout_loops_ring, grunt_decor_one_mirror, uniq_pikel
D:6:      layout_loops_cross, nemelex_xobeh_ov_fountains_minmay, uniq_maggie,
          uniq_crazy_yiuf_cottage, uniq_prince_ribbit1, uniq_eustachio
D:7:      layout_rooms, serial_shops, nicolae_shop_advertising_works
          [nicolae_subvault_shop_adworks], uniq_duvessa
D:8:      wad_river_or_something, layout_basic, mainiacjoe_overflow_alcove_1,
          david_lair_shrubbed
D:9:      layout_stronghold, pdpol_wu_jian_five_deadly_venoms,
          grunt_temple_overflow_open, serial_shops, shop,
          minmay_misc_feat_four_crosses, nicolae_the_louvre
D:10:     layout_loops_ring, ebering_ghost_inner_flame
D:11:     layout_rooms, nicolae_take_the_stairs,
          nicolae_qazlal_scattered_showers
D:12:     layout_big_octagon, minmay_orc_entry_guard_dogs,
          gauntlet_entry_generic, nrook_pool_corridor, roderic_lattice_a,
          minivault_16, uniq_josephine, uniq_urug
D:13:     layout_roguey [special_room_orc], nicolae_sif_muna_condensation
D:14:     layout_stronghold, erik_vaults_1, serial_bayou_shore_b, uniq_louise
D:15:     hellmonk_depths_entry_around_the_bend, layout_irregular_city,
          uniq_roxanne
Temple:   minmay_temple_bridge_abc
Lair:1:   layout_roguey
Lair:2:   layout_roguey, grunt_megastairs_4, serial_bayou_shore_b
Lair:3:   layout_cave_shapes, elwin_shoals_entry_rooms, dummy_snake_entry,
          uniq_nergalle
Lair:4:   layout_loops_ring, slime_entry_2, maelrawn_ghost_gauntlet_escape
Lair:5:   cheibrodos_lair_end_hotspot, layout_hall_layers
Shoals:1: layout_shoals
Shoals:2: cheibrodos_shoals_satyrical_garden, layout_shoals, serial_shops,
          nicolae_square_shop, uniq_ilsuiw
Shoals:3: layout_shoals, nicolae_shoals_former_cling_halls, uniq_mara
Shoals:4: shoals_end_simple, layout_shoals, shoals_ilsuiw_ice
Snake:1:  layout_grid_maze, uniq_aizul, uniq_nikola
Snake:2:  layout_onion_interference, serial_shops, shop, serial_bayou_pond_a,
          nicolae_shop_overcharged_wands
Snake:3:  layout_honeycomb, basic_altar, grunt_megastairs_5,
          serial_bayou_shore_a
Snake:4:  grunt_snake_rune_serpentine_throne, layout_misc_corridors,
          lemuel_fruit_tree
Orc:1:    layout_caves, basic_altar
Orc:2:    st_orc_pillars, layout_diamond_mine, nicolae_shop_self_help
Elf:1:    layout_geoelf_grid, serial_shops, nicolae_square_shop, shop,
          nicolae_elf_crossing_hall, nicolae_shop_dragon_depot
Elf:2:    nicolae_elf_blades_splatter_lattice [nicolae_blade_bullseye],
          layout_geoelf_grid, serial_shops, nicolae_shop_gibbet_a_chance
Elf:3:    minmay_elf_hall_curves, layout_loops_corners, serial_shops, shop,
          due_unseen_surprise, grunt_megastairs_1
Vaults:1: door_vault, nicolae_vaults_network_periphery, ontoclasm_vaults_idyll,
          hangedman_vaults_stagger, nicolae_vaults_storage_closets_1,
          nicolae_vaults_wrenched, vaults_room_fours,
          nicolae_vaults_border_crossing, vaults_room_fancy_cross,
          nicolae_vaults_octothorpe, nicolae_vaults_tetromino_T_1,
          layout_vaults_omnicross, uniq_donald
Vaults:2: nicolae_vaults_diamond_1, v_misc_23, nicolae_vaults_mini_display_case,
          st_lines, grunt_vaults_diagonal, nicolae_vaults_hexular_roomagon,
          v_alt_pattern_6, nicolae_vaults_house_3, nicolae_vaults_two_Ls,
          layout_vaults_quadrants, uniq_xtahua
Vaults:3: minmay_crypt_entry_necro_gods, nicolae_vaults_swerve,
          nicolae_vaults_doubleplus_tesselated, hangedman_vaults_corner,
          vaults_standard_mumra_x, nicolae_vaults_hexular_roomagon,
          vaults_mumra_hexcomb, ontoclasm_vaults_loading_screen,
          hangedman_vaults_pinch, v_rooms_4, vaults_room_stairs_pillars,
          vaults_room_hangedman_quadrants, nicolae_vaults_angled_halls,
          v_misc_19, layout_vaults_maze_snakey
Vaults:4: nicolae_vaults_sightless_eye, nicolae_vaults_closet_pinwheel_6,
          nicolae_vaults_hexular_roomagon, hangedman_vaults_stream,
          ontoclasm_vaults_pinch, vaults_room_hallway, st_cells,
          vaults_mumra_minichess_inversion, nicolae_vaults_frosty_reception,
          nicolae_vaults_tetromino_T_1, layout_vaults_chaotic_city
Vaults:5: serial_shops
Depths:1: layout_long_grid, gammafunk_ghost_cemetery, hangedman_coc_ice_floe,
          infiniplex_enter_wizlab_water, hangedman_decor_diamond_cutter,
          minmay_misc_feat_diagonals, nicolae_shop_vocational, uniq_bai_suzhen
Depths:2: hangedman_cross_veins, layout_basic, grunt_hell_horde,
          rand_demon_pan_entry_4, good_gods_temple_1, abyss_entry_glasseish,
          gammafunk_ghost_wrathful_warriors
Depths:3: little_maze_vault, layout_honeycomb, enter_ziggurat_b, hell_entry,
          nicolae_abyss_entry_one_way_or_another, nicolae_twisting_strands,
          infiniplex_staircase_diamond
Depths:4: evilmike_zot_entry_argh, layout_basic, ebering_ghost_gozag,
          hell_entry, lightli_gold_pyramid, uniq_frederick
Zot:1:    layout_misc_corridors, uniq_tiamat
Zot:2:    layout_misc_corridors, grunt_megastairs_2,
          regret_index_zotdec_twisting_globes, uniq_josephina
Zot:3:    hellmonk_crystal_mountain, layout_cellular_growth
Zot:4:    layout_gridlike, hangedman_zot_decor_checkerboard, st_stairs_7
Zot:5:    layout_onion, gammafunk_ghost_necromancy

Skill      XL: |  1  2  3  4  5  6  7  8  9 10 11 12 13 14 15 16 17 18 19 20 21 22 23 24 25 |
---------------+----------------------------------------------------------------------------+-----
Stealth        | 2 4 9 11 13 16 19 20 21 22 23 | 23.7
Short Blades   | 2 3 5 8 10 14 16 | 16.4
Ranged Weapons | 3 5 6 8 10 12 13 14 17 | 17.4
Shields        | 1 3 4 7 10 13 | 13.1
Fighting       | 1 2 3 4 5 7 8 9 10 11 | 11.0
Dodging        | 6 8 9 10 12 20 21 | 21.9
Evocations     | 6 7 9 11 12 13 15 16 20 23 | 23.0
Hexes          | 6 8 13 17 19 20 22 | 22.0
Spellcasting   | 4 6 8 9 11 13 17 19 | 19.2
Throwing       | 2 |  2.0
Ice Magic      | 1 |  1.0
Earth Magic    | 11 12 | 12.6
Translocations | 9 12 | 12.0
Conjurations   | 3 6 |  6.0
Alchemy        | 3 5 8 |  8.3
Summonings     | 1 |  1.0
Necromancy     | 3 4 |  4.0

Action                     |  1- 3 |  4- 6 |  7- 9 | 10-12 | 13-15 | 16-18 | 19-21 | 22-24 | 25-27 || total
---------------------------+-------+-------+-------+-------+-------+-------+-------+-------+-------++-------
  Melee: Club              |    19 |       |       |       |       |       |       |       |       ||    19
         Dagger            |   198 |   137 |    61 |   848 |  2342 |  1985 |  1062 |   748 |    90 ||  7471
         Whip              |       |       |     1 |       |       |       |       |       |       ||     1
         Short sword       |       |       |    71 |       |    10 |    18 |       |       |       ||    99
         Rapier            |       |       |    28 |   539 |   483 |   414 |    14 |   356 |       ||  1834
         Quick blade       |       |       |       |       |       |       |       |    10 |       ||    10
   Fire: Sling             |     8 |   279 |   684 |   286 |   478 |   225 |   181 |    92 |       ||  2233
         Hand cannon       |       |       |       |       |       |       |       |    45 |    29 ||    74
  Throw: Dart              |       |       |    10 |     8 |       |     8 |     2 |       |       ||    28
   Cast: Tukima's Dance    |       |       |       |       |    40 |   184 |    10 |     2 |       ||   236
         Ensorcelled Hiber |       |       |       |       |       |   139 |   208 |   165 |    12 ||   524
         Enfeeble          |       |       |       |       |       |    21 |   169 |   183 |    34 ||   407
         Passwall          |       |       |       |       |       |       |    43 |    24 |    12 ||    79
         Lee's Rapid Decon |       |       |       |       |       |       |    34 |    15 |       ||    49
         Discord           |       |       |       |       |       |       |     3 |    32 |     7 ||    42
         Iskenderun's Myst |       |       |       |       |       |       |     1 |     9 |     5 ||    15
         Irradiate         |       |       |       |       |       |       |       |     5 |       ||     5
         Sublimation of Bl |       |       |       |       |       |       |       |   110 |    54 ||   164
         Summon Mana Viper |       |       |       |       |       |       |       |    32 |     3 ||    35
         Borgnjor's Vile C |       |       |       |       |       |       |       |     7 |    17 ||    24
         Apportation       |       |       |       |       |       |       |       |       |     2 ||     2
 Invoke: Call Merchant     |       |       |       |     2 |     2 |     1 |       |     3 |       ||     8
         Bribe Branch      |       |       |       |       |       |       |       |       |     2 ||     2
Ability: Evoke Invisibilit |       |       |       |       |       |     1 |       |       |       ||     1
  Evoke: Wand              |     8 |     7 |    11 |    12 |     9 |    10 |     1 |       |     2 ||    60
    Use: Potion            |       |       |     1 |     4 |       |     1 |     1 |       |     5 ||    12
         Scroll            |       |       |       |    17 |     2 |     7 |    18 |    13 |     2 ||    59
   Stab: Sleeping          |    10 |     5 |     1 |    23 |    59 |   140 |   235 |   138 |    15 ||   626
         Distracted        |     1 |       |     2 |    14 |    35 |    43 |    25 |    41 |     2 ||   163
         Paralysed         |       |       |     1 |       |     1 |     1 |     1 |       |       ||     4
         Petrified         |       |       |       |       |    10 |       |       |       |       ||    10
         Petrifying        |       |       |       |       |     1 |       |       |       |       ||     1
         Invisible         |       |       |       |       |       |    22 |   135 |   155 |    28 ||   340
 Armour: Robe              |    67 |    57 |   163 |   242 |   339 |   201 |    68 |       |       ||  1137
         Steam dragon scal |       |       |       |       |       |       |    79 |   178 |    18 ||   275
  Dodge: Dodged            |   150 |   164 |   469 |   885 |  2023 |  1836 |   886 |  1068 |    90 ||  7571
  Block: Buckler           |    34 |    42 |   118 |   252 |   924 |   990 |   548 |   618 |    50 ||  3576
         Reflection        |       |       |       |       |    36 |    92 |    65 |    70 |    10 ||   273
